 Dungeon Crawl Stone Soup version 0.29-a0-284-gf9362112df (webtiles) character file.

Game seed: 7096373137253548928

604 sokol815 the Skirmisher (level 7, -4/52 HPs)
             Began as a Djinni Gladiator on Mar 25, 2022.
             Was an Initiate of Ashenzari.
             Slain by Pikel
             ... wielding a +2 whip of flaming
              (6 damage)
             ... on level 4 of the Dungeon.
             The game lasted 00:06:19 (3883 turns).

sokol815 the Skirmisher (Djinni Gladiator)          Turns: 3883, Time: 00:06:19

Health: -4/52      AC:  6    Str: 13    XL:     7   Next: 70%
Gold:   203        EV: 12    Int: 11    God:    Ashenzari [......] SH:  0 Dex: 15

rFire   + + .      SeeInvis .   a - +0 war axe
rCold   x . .      Faith    .   (no shield)
rNeg    + . .      Spirit   .   b - +0 leather armour
rPois   ∞          Reflect  .   k - +2 helmet
rElec   .          Harm     .   (no cloak)
rCorr   .          Rampage  .   (no gloves)
Will    .....                   (boots unavailable)
Stlth   +.........              (no amulet)
HPRegen 0.17/turn               j - ring of positive energy {rN+}
MPRegen 0.00/turn               (no ring)

@: flying
A: sickness immunity, fire resistance 2, cold vulnerability 1, float, innate
caster, HP casting, extra vitality 1
a: Renounce Religion


You were on level 4 of the Dungeon.
You worshipped Ashenzari.
Ashenzari was noncommittal.
You visited 1 branch of the dungeon, and saw 4 of its levels.

You collected 203 gold pieces.

Inventory:

Hand Weapons
 a - a +0 war axe (weapon)
Missiles
 e - a javelin
 f - 3 throwing nets {!d}
 h - 6 boomerangs
 s - 119 stones
Armour
 b - a +0 leather armour (worn)
 c - a +0 helmet
 k - a +2 helmet (worn)
   (You took it off Robin on level 2 of the Dungeon)
Jewellery
 j - a ring of positive energy (left hand) {rN+}
   (You found it on level 1 of the Dungeon)
Wands
 d - a wand of digging (6)
   (You found it on level 3 of the Dungeon)
Scrolls
 V - a scroll of vulnerability {!r!r}
Potions
 i - a potion of flight {unknown}
 m - a potion of might {unknown}
 P - a potion of lignification {!q}


   Skills:
 + Level 4.3 Fighting
 + Level 4.0 Axes
 - Level 1.5 Throwing
 - Level 3.2 Dodging
 * Level 4.0 Spellcasting


You had 8 spell levels left.
You knew the following spells:

 Your Spells              Type           Power      Damage    Failure   Level
a - Sting                 Tmut/Pois      44%        1d5       6%          1
c - Call Canine Familiar  Summ           11%        N/A       17%         3
w - Passwall              Tmut/Erth      9%         N/A       9%          2
Your spell library was empty.

Dungeon Overview and Level Annotations

Branches:
Dungeon (4/15)
 Temple: D:4-7

Altars:
Ashenzari

Annotations:
D:3 4 runed translucent doors, Crazy Yiuf; pigah's ghost, amateur OpAE
D:4 Pikel


Innate Abilities, Weirdness & Mutations

You are immune to sickness and miasma.
You are immune to poison.
Your flesh is very heat resistant. (rF++)
You are vulnerable to cold. (rC-)
You float through the air rather than walking.
You learn spells naturally, not from books.
Your magical power is your life essence.
You have superior vitality. (+4 MHP)


Message History

Items here: )) [[.
Okay, then.
Found an escape hatch in the floor.
An ufetubus comes into view.
The ufetubus shouts!
The ufetubus barely misses you. x2
You barely miss the ufetubus. The ufetubus barely misses you.
The ufetubus closely misses you. The ufetubus misses you.
The ufetubus hits you but does no damage.
You slash the ufetubus!
You kill the ufetubus!
No target in view!
No target in view!
A lemure comes into view.
The lemure shouts!
You hear a shout! x2
Pikel, Merchant of Souls comes into view.
He is wielding a +2 whip of flaming.
Pikel shouts!
You hear a shout!
Okay, then.
Here: Pikel, wielding a +2 whip of flaming and wearing a +0 robe The floor.
You hit the lemure. The lemure hits you but does no damage.
A lemure comes into view.
You slash the lemure! The lemure hits you but does no damage.
You hit the lemure but do no damage.
A lemure comes into view.
The lemure hits you but does no damage.
The lemure shouts!
You hit Pikel.
A lemure comes into view.
Pikel barely misses you.
You completely miss Pikel.
Pikel hits you with a +2 whip of flaming.
You take 3 damage, and have 49/52 hp.
You hit Pikel.
Pikel drinks a potion.
Pikel goes berserk!
Pikel hits you with a +2 whip of flaming!
Pikel burns you.
You take 18 damage, and have 31/52 hp.
MASSIVE DAMAGE!!
Okay, then.
You closely miss Pikel. Pikel barely misses you.
You barely miss Pikel. Pikel closely misses you.
A ball python comes into view.
Pikel hits you with a +2 whip of flaming!
Pikel burns you.
The ball python moves out of view.
You take 13 damage, and have 19/52 hp.
MASSIVE DAMAGE!!
Okay, then.
Okay, then.
Really quaff
P - 2 potions of lignification {!q}?
Really quaff the potion of lignification?
You turn into a tree.
Your +2 helmet melds into your body.
Your +0 leather armour melds into your body.
Your roots penetrate the ground.
Pikel hits you with a +2 whip of flaming!
* * * LOW HITPOINT WARNING * * *
Pikel burns you.
* * * LOW HITPOINT WARNING * * *
Pikel hits you but does no damage.
You now have 17/78 hp.
You feel much better. Pikel hits you but does no damage.
You regained 28 hp, and now have 45/78 hp.
You barely miss Pikel. Pikel hits you but does no damage.
Pikel completely misses you.
You barely miss Pikel.
Pikel hits you with a +2 whip of flaming.
Pikel burns you.
Pikel hits you with a +2 whip of flaming.
Pikel burns you.
You take 8 damage, and have 37/78 hp.
You hit Pikel.
Pikel hits you with a +2 whip of flaming!
Pikel burns you.
Pikel hits you with a +2 whip of flaming!
* * * LOW HITPOINT WARNING * * *
Pikel burns you.
* * * LOW HITPOINT WARNING * * *
You take 24 damage, and have 13/78 hp.
MASSIVE DAMAGE!!
You feel better. Pikel hits you but does no damage. x2
You regained 7 hp, and now have 20/78 hp.
You closely miss Pikel.
Pikel hits you with a +2 whip of flaming.
* * * LOW HITPOINT WARNING * * *
Pikel burns you.
* * * LOW HITPOINT WARNING * * *
Pikel hits you with a +2 whip of flaming!
* * * LOW HITPOINT WARNING * * *
Pikel burns you.
* * * LOW HITPOINT WARNING * * *
You take 17 damage, and have 3/78 hp.
MASSIVE DAMAGE!!
Your magical effects are unravelling.
You feel magically purged.
You feel less wooden.
Your +2 helmet unmelds from your body.
Your +0 leather armour unmelds from your body.
Pikel hits you with a +2 whip of flaming.
You die...

### ##.#### ######
#.#...###....####
#.#....#.###....####
##.#@....#...###....#
#.5K#....#....#.###..
#.55##...#.....#...##
#...#.###.#....#....#
#.#.#.# ..###...#.....
#.#.#.#... #.###.#....
#.#.#.#.. ..#...###...
...#...#....#....#.###
. .. #.. #..>..#...


You could see Pikel (berserk) and 3 lemures.

Vanquished Creatures
  Sigmund (D:3)
  A phantom (D:4)
  A necrophage (D:3)
  A hound (D:4)
  An iguana (D:4)
  Natasha (twice) (D:2)
  Robin (D:2)
  2 adders
  A white imp (D:4)
  2 ufetubi (D:4)
  3 worms (D:2)
  A dart slug (D:2)
  2 orcs
  2 bats (D:2)
  7 endoplasms
  5 giant cockroaches
  16 goblins
  7 hobgoblins
  8 jackals
  4 quokkas
  9 ball pythons
  A frilled lizard (D:2)
  2 kobolds
  8 rats
88 creatures vanquished.

Vanquished Creatures (collateral kills)
  2 orc wizards (D:4)
  3 orcs (D:4)
5 creatures vanquished.

Grand Total: 93 creatures vanquished

Notes
Turn   | Place    | Note
-------+----------+-------------------------------------------
     0 | D:1      | sokol815 the Djinni Gladiator began the quest for the Orb.
     0 | D:1      | Reached XP level 1. HP: 18/18 MP: 0/0
   220 | D:1      | Reached XP level 2. HP: 22/23 MP: 0/0
   675 | D:1      | Reached skill level 1 in Spellcasting
  1190 | D:2      | Reached XP level 3. HP: 29/29 MP: 0/0
  1190 | D:2      | Learned a level 1 spell: Sting
  1233 | D:2      | Noticed Robin
  1245 | D:2      | Killed Robin
  1246 | D:2      | Reached XP level 4. HP: 22/34 MP: 0/0
  1662 | D:2      | Noticed Natasha
  1669 | D:2      | Killed Natasha
  1670 | D:2      | Reached skill level 2 in Spellcasting
  1980 | D:2      | Reached skill level 3 in Axes
  2116 | D:2      | Noticed Natasha
  2123 | D:2      | Killed Natasha
  2124 | D:2      | Reached skill level 3 in Fighting
  2124 | D:2      | Reached XP level 5. HP: 31/40 MP: 0/0
  2124 | D:2      | Learned a level 2 spell: Passwall
  2355 | D:3      | Found a runed translucent door.
  2356 | D:3      | Noticed Crazy Yiuf
  2540 | D:3      | Found a runed translucent gate.
  2540 | D:3      | Found a runed translucent gate.
  2540 | D:3      | Found a runed translucent gate.
  2542 | D:3      | Noticed pigah's ghost (amateur OpAE)
  2593 | D:3      | Noticed Sigmund
  2606 | D:3      | Killed Sigmund
  2607 | D:3      | Reached skill level 3 in Spellcasting
  2607 | D:3      | Reached XP level 6. HP: 40/46 MP: 0/0
  2831 | D:3      | Reached XP level 7. HP: 24/51 MP: 0/0
  2831 | D:3      | Learned a level 3 spell: Call Canine Familiar
  3350 | D:4      | Reached skill level 4 in Fighting
  3646 | D:4      | Reached skill level 4 in Spellcasting
  3657 | D:4      | Reached skill level 4 in Axes
  3786 | D:4      | Found a broken altar of Ashenzari.
  3812 | D:4      | Became a worshipper of Ashenzari the Shackled
  3864 | D:4      | Noticed Pikel
  3876 | D:4      | HP: 18/78 [Pikel/+2 whip of flaming (11)]
  3882 | D:4      | HP: 16/78 [Pikel/+2 whip of flaming (4)]
  3882 | D:4      | HP: 7/78 [Pikel/+2 whip of flaming (7)]
  3882 | D:4      | HP: 3/78 [Pikel/+2 whip of flaming (4)]
  3883 | D:4      | Slain by Pikel

Illustrated notes

Levels and vault maps discovered:
D:1:      heliophobic_arrival_enchanted_forest, layout_loops_ring
D:2:      layout_loops_corners, uniq_natasha, uniq_robin
D:3:      layout_rooms, ebering_ghost_rock_garden, uniq_sigmund,
          uniq_crazy_yiuf_cottage
D:4:      nicolae_BIG_FREAKIN_CUBE, layout_rooms, nicolae_ashenzari_skybound,
          minmay_increasing_density, uniq_pikel

Skill      XL: |  1  2  3  4  5  6  7 |
---------------+----------------------+-----
Spellcasting   | 1 2 3 4 |  4.0
Axes           | 3 4 |  4.0
Fighting       | 3 4 |  4.3
Throwing       | |  1.5
Dodging        | |  3.2

Action                   |  1- 3 |  4- 6 |  7- 9 || total
-------------------------+-------+-------+-------++-------
Melee: War axe           |    57 |   107 |   122 ||   286
       Punch             |       |       |     2 ||     2
Throw: Javelin           |     1 |       |       ||     1
 Cast: Call Canine Famil |       |       |     1 ||     1
  Use: Scroll            |       |     4 |     2 ||     6
       Potion            |       |       |     4 ||     4
 Stab: Sleeping          |     2 |     2 |     1 ||     5
       Distracted        |       |       |     1 ||     1
Armor: Leather armour    |    20 |    34 |    57 ||   111
       Skin              |       |       |     5 ||     5
Dodge: Dodged            |    48 |    82 |    97 ||   227

Table legend: (Time is in decaauts)
 A = Elapsed time spent in this place.
 B = Non-inter-level travel time spent in this place.
 C = Inter-level travel time spent in this place.
 D = Time resting spent in this place.
 E = Time spent auto-exploring this place.
 F = Levels seen in this place.
 G = Mean time per level.
                   A        B        C        D        E       F      G
               +--------+--------+--------+--------+--------+-----+--------+
         Total |   3986 |   3893 |     93 |    580 |   2657 |   4 |  996.5 |
       Dungeon |   3986 |   3893 |     93 |    580 |   2657 |   4 |  996.5 |
               +--------+--------+--------+--------+--------+-----+--------+

Top non-repeatable levels by time:
     D:2: 1233 daAuts
     D:1: 1147 daAuts
     D:3: 885 daAuts
     D:4: 720 daAuts

Table legend:
 A = Kills in this place as a percentage of kills in entire the game.
 B = Kills by you in this place as a percentage of kills by you in the entire game.
 C = Kills by friends in this place as a percentage of kills by friends in the entire game.
 D = Other kills in this place as a percentage of other kills in the entire game.
 E = Experience gained in this place as a percentage of experience gained in the entire game.
 F = Experience gained in this place divided by the number of levels of this place that you have seen.
                   A       B       C       D       E      F
               +-------+-------+-------+-------+-------+----------------------
         Total | 100.0 | 100.0 | 100.0 |   N/A | 100.0 | 216.0
       Dungeon | 100.0 | 100.0 | 100.0 |   N/A | 100.0 | 216.0
               +-------+-------+-------+-------+-------+----------------------
